 Dungeon Crawl Stone Soup version 0.20.1-1-g8b1a95d (webtiles) character file.

14618 Mesmaeker13 the Quickloader (level 11, -7/94 HPs)
             Began as a Centaur Hunter on July 22, 2017.
             Was a High Priest of Okawaru.
             Mangled by a two-headed ogre
             ... wielding a +0 giant club
              (12 damage)
             ... on level 10 of the Dungeon.
             The game lasted 00:33:45 (14666 turns).

Mesmaeker13 the Quickloader (Centaur Hunter)       Turns: 14666, Time: 00:33:46

Health: -7/94      AC: 18    Str: 20    XL:     11   Next: 91%
Magic:  18/18      EV:  6    Int: 10    God:    Okawaru [*****.]
Gold:   450        SH:  0    Dex: 13    Spells: 10/10 levels left

rFire    + . .     SeeInvis .   b - +2 scimitar (flame)
rCold    x . .     Gourm    +   (no shield)
rNeg     . . .     Faith    .   K - +0 chain mail
rPois    .         Spirit   .   (no helmet)
rElec    .         Reflect  .   (no cloak)
rCorr    .         Harm     .   F - +2 pair of gloves
MR       .....                  e - +0 centaur barding {Stlth+}
Stlth    ..........             m - amulet of the gourmand
Regen    0.3/turn               E - ring of fire
MPRegen  0.2/turn               y - +2 ring of protection

@: mighty, slowed, drained
A: hooves 3, deformed body, speed 2, tough skin 3
a: Heroism, Finesse, Renounce Religion


You were on level 10 of the Dungeon.
You worshipped Okawaru.
Okawaru was extremely pleased with you.
You were very full.

You visited 1 branch of the dungeon, and saw 10 of its levels.
You also visited: Sewer and Ossuary.

You collected 450 gold pieces.

Inventory:

Hand Weapons
 a - a +1 hand crossbow
 b - a +2 scimitar of flaming (weapon)
Missiles
 d - 160 bolts
Armour
 e - a +0 centaur barding of stealth (worn)
 F - a +2 pair of gloves (worn)
 K - a +0 chain mail (worn)
Jewellery
 m - an amulet of the gourmand (around neck)
 y - a +2 ring of protection (right hand)
 E - a ring of fire (left hand)
Wands
 h - a wand of iceblast (9/15)
 H - a wand of lightning (6/15)
 Q - a wand of iceblast (5/15)
Scrolls
 i - 10 scrolls of teleportation
 j - a scroll of immolation {unknown}
 l - 2 scrolls of amnesia {unknown}
 n - 2 scrolls of enchant armour {unknown}
 o - 2 scrolls of magic mapping
 r - 2 scrolls of fog {unknown}
 t - a scroll of brand weapon {unknown}
 x - 3 scrolls of enchant weapon
 J - a scroll of vulnerability {unknown}
 L - 3 scrolls of remove curse {unknown}
 N - a scroll of torment {unknown}
Potions
 c - a potion of ambrosia {unknown}
 g - 3 potions of resistance
 p - a potion of heal wounds
 s - 2 potions of magic {unknown}
 v - 3 potions of might
 z - 2 potions of brilliance {unknown}
 A - 3 potions of flight
 B - a potion of degeneration {unknown}
 C - 3 potions of curing {unknown}
 D - 3 potions of lignification {unknown}
 G - 2 potions of cancellation {unknown}
 P - a potion of berserk rage {unknown}
Miscellaneous
 M - a lamp of fire (inert)
Comestibles
 f - 5 bread rations
 k - 3 meat rations
 u - 6 fruits
 w - 12 royal jellies
 I - 2 chunks of flesh


   Skills:
 - Level 8.2(8.1) Fighting
 + Level 5.4(5.3) Long Blades
 + Level 11.7 Crossbows
 + Level 4.4 Armour
 - Level 6.2 Dodging
 - Level 0.4 Stealth
 + Level 9.6 Invocations


You had 10 spell levels left.
You didn't know any spells.

Dungeon Overview and Level Annotations

Branches:
Dungeon (10/15)            Temple (0/1) D:7            Lair (0/6) D:10
    Orc (0/2) D:9

Altars:
Dithmenos
Elyvilon
Kikubaaqudgha
Makhleb
Okawaru
Sif Muna
Vehumet
Zin
Beogh

Annotations:
D:10 Josephine


Innate Abilities, Weirdness & Mutations

You have hooves in place of feet.
Armour fits poorly on your strangely shaped body.
You cover ground very quickly.
You have extremely tough skin. (AC +3)


Message History

Josephine says, "How about some decapitation?"
Josephine hits you with a dagger.
You barely miss Josephine. You kick Josephine.
Josephine is lightly wounded.
Something hits you but does no damage. Josephine closely misses you.
Josephine hits you but does no damage.
You slash Josephine! You burn Josephine. Your kick misses Josephine.
Josephine is moderately wounded.
Something hits you. Josephine hits you with a dagger.
* * * LOW HITPOINT WARNING * * *
The two-headed ogre hits you with a giant club.
* * * LOW HITPOINT WARNING * * *
The two-headed ogre hits you with a giant club!!
* * * LOW HITPOINT WARNING * * *
Josephine hits you but does no damage. Something hits you.
* * * LOW HITPOINT WARNING * * *
Josephine hits you but does no damage.
The two-headed ogre hits you with a giant club!
You die...

........#...#...#...........#....
........#(..#...#...........#....
(...#####...#...#'#######...#....
###.# ....#.8.........#...#....
+.# .....#......8....#...#....
......'...........#...#....
...#####.../(..#+### #....
#.......).).# #....
#....8..@...#..(.. #....
#......O@.8.#.... #....
..#######'#...#...# ##....
..........#...#...# ......
..........#...#...# ......
..........#...#(..# ......
'######...#####(..# ......
#...........#........
#...........'........


You could see Josephine and a two-headed ogre.

Vanquished Creatures
  Erica (D:8)
  2 death yaks (D:10)
  3 two-headed ogres
  An unseen horror (D:9)
  Pikel (D:6)
  Joseph (D:9)
  A tengu conjurer (D:10)
  A troll (D:9)
  4 hippogriffs
  A wyvern (D:10)
  9 yaks
  3 wraiths (D:10)
  The ghost of bli the Chiller, an amateur MfIE of Ru (D:4)
  A water moccasin (D:9)
  10 orc warriors
  Purgy (Sewer)
  2 sky beasts
  An ice beast (D:7)
  4 slaves
  An eye of draining (D:9)
  6 phantoms
  2 necrophages
  8 ogres
  4 centaurs
  An elf zombie (Ossuary)
  9 bullfrogs
  A wyvern zombie (D:9)
  A wyvern skeleton (D:9)
  2 scorpions
  5 killer bees (D:9)
  A howler monkey (D:7)
  8 crimson imps
  A bullfrog zombie (D:10)
  A quasit (D:7)
  4 hounds
  2 centaur zombies (Ossuary)
  5 jellies
  A gnoll shaman (D:9)
  13 orc priests
  A centaur skeleton (D:4)
  7 orc wizards
  13 worker ants
  2 big kobold zombies (Ossuary)
  A hound zombie (Ossuary)
  A hound skeleton (D:4)
  3 mummies (Ossuary)
  5 gnolls (D:9)
  19 adders
  2 river rats (D:5)
  A shadow imp (D:5)
  6 oozes
  8 adder zombies
  3 adder skeletons
  5 worms
  2 leopard geckos
  42 orcs
  9 bats
  A giant cockroach (D:7)
  5 goblins
  3 hobgoblins
  7 jackals
  3 quokkas
  3 ball pythons
  4 frilled lizards
  A goblin zombie (Ossuary)
  2 hobgoblin zombies (Ossuary)
  6 jackal zombies (Ossuary)
  7 kobolds
  A kobold zombie (Ossuary)
  A leopard gecko skeleton (D:5)
  3 orc zombies (Ossuary)
  6 quokka zombies (Ossuary)
  11 rats
  3 rat zombies (Ossuary)
321 creatures vanquished.

Notes
Turn   | Place    | Note
-------+----------+-------------------------------------------
     0 | D:1      | Mesmaeker13 the Centaur Hunter began the quest for the Orb.
     0 | D:1      | Reached XP level 1. HP: 17/17 MP: 1/1
   149 | D:1      | You fall through a shaft!
   579 | D:1      | Reached XP level 2. HP: 25/25 MP: 2/2
   744 | D:2      | Found an iron altar of Okawaru.
   878 | D:2      | Reached XP level 3. HP: 27/30 MP: 3/3
  1312 | D:2      | Reached skill level 5 in Crossbows
  1529 | D:2      | Became a worshipper of Warmaster Okawaru
  1910 | D:3      | Reached XP level 4. HP: 34/37 MP: 4/4
  2134 | D:3      | Found a faded altar of an unknown god.
  2183 | D:3      | Found a white marble altar of Elyvilon.
  2530 | D:4      | Reached XP level 5. HP: 40/45 MP: 5/5
  2602 | D:4      | Found a burning altar of Makhleb.
  2731 | D:4      | Noticed an ogre
  2759 | D:4      | Killed an ogre
  2759 | D:4      | Reached * piety under Okawaru
  2861 | D:4      | Noticed an ogre
  2890 | D:4      | Killed an ogre
  2890 | D:4      | Reached skill level 6 in Crossbows
  2890 | D:4      | Reached XP level 6. HP: 47/52 MP: 6/6
  2908 | D:4      | Noticed bli's ghost (amateur MfIE)
  2931 | D:5      | Entered Level 5 of the Dungeon
  3063 | D:5      | Reached XP level 7. HP: 43/60 MP: 7/7
  3268 | D:5      | Reached ** piety under Okawaru
  3380 | D:5      | Found a glowing drain.
  3408 | Sewer    | Entered a sewer
  3761 | Sewer    | Noticed Purgy
  3784 | Sewer    | Killed Purgy
  3784 | Sewer    | Reached skill level 5 in Fighting
  4030 | Sewer    | Reached skill level 7 in Crossbows
  4369 | D:5      | Reached skill level 1 in Invocations
  4547 | D:4      | Killed bli's ghost
  4547 | D:4      | Reached XP level 8. HP: 59/69 MP: 7/9
  4684 | D:4      | Found an ancient bone altar of Kikubaaqudgha.
  4780 | D:4      | Found a glowing silver altar of Zin.
  5818 | D:6      | Found a radiant altar of Vehumet.
  5938 | D:6      | Reached *** piety under Okawaru
  5938 | D:6      | Reached skill level 8 in Crossbows
  6083 | D:6      | Found a sand-covered staircase.
  6090 | Ossuary  | Entered an ossuary
  6345 | Ossuary  | Reached skill level 5 in Dodging
  6535 | Ossuary  | Reached XP level 9. HP: 65/78 MP: 12/12
  7103 | D:6      | Found a deep blue altar of Sif Muna.
  7165 | D:7      | Noticed Pikel
  7377 | D:6      | Reached skill level 5 in Invocations
  7547 | D:6      | Killed Pikel
  7547 | D:6      | Reached **** piety under Okawaru
  7814 | D:7      | Reached skill level 9 in Crossbows
  8040 | D:7      | Found a deep blue altar of Sif Muna.
  8518 | D:7      | Reached XP level 10. HP: 82/88 MP: 14/14
  8578 | D:7      | Found a staircase to the Ecumenical Temple.
  8770 | D:8      | Reached ***** piety under Okawaru
  8831 | D:8      | Noticed Erica
  8894 | D:8      | Killed Erica
  8894 | D:8      | Received a gift from Okawaru
  8894 | D:8      | Received a gift from Okawaru
  9792 | D:8      | Reached skill level 1 in Long Blades
  9944 | D:9      | Reached skill level 1 in Armour
 10042 | D:9      | Reached skill level 10 in Crossbows
 10055 | D:9      | Noticed a two-headed ogre
 10121 | D:9      | Killed a two-headed ogre
 10121 | D:9      | Received a gift from Okawaru
 10770 | D:9      | Found a shadowy altar of Dithmenos.
 11098 | D:9      | Found a roughly hewn altar of Beogh.
 11098 | D:9      | Found a staircase to the Orcish Mines.
 11246 | D:9      | Reached XP level 11. HP: 86/94 MP: 17/17
 11667 | D:9      | Noticed Joseph
 11685 | D:9      | Killed Joseph
 11997 | D:10     | Entered Level 10 of the Dungeon
 12214 | D:10     | Noticed a death yak
 12533 | D:9      | Noticed a two-headed ogre
 12566 | D:9      | Killed a two-headed ogre
 12930 | D:9      | Killed an unseen horror
 12930 | D:9      | Reached skill level 11 in Crossbows
 13512 | D:10     | Found a staircase to the Lair.
 13514 | D:10     | Noticed a death yak
 13557 | D:10     | Killed a death yak
 13557 | D:10     | Received a gift from Okawaru
 13751 | D:10     | Noticed a death yak
 13790 | D:10     | Killed a death yak
 13968 | D:10     | Reached skill level 5 in Long Blades
 14108 | D:10     | Noticed a two-headed ogre
 14128 | D:10     | Killed a two-headed ogre
 14128 | D:10     | Received a gift from Okawaru
 14207 | D:10     | Noticed Josephine
 14557 | D:10     | Received a gift from Okawaru
 14652 | D:10     | Noticed a two-headed ogre
 14666 | D:10     | Mangled by a two-headed ogre

Skill      XL: |  1  2  3  4  5  6  7  8  9 10 11 |
---------------+----------------------------------+-----
Crossbows      | 5 6 7 8 9 10 11 | 11.7
Dodging        | 2 3 4 5 6 |  6.2
Fighting       | 3 4 5 6 7 8 |  8.2
Invocations    | 2 4 6 8 9 |  9.6
Long Blades    | 3 5 |  5.4
Armour         | 2 4 |  4.4
Stealth        | |  0.4

Action                   |  1- 3 |  4- 6 |  7- 9 | 10-12 || total
-------------------------+-------+-------+-------+-------++-------
Melee: Short sword       |    44 |    25 |       |       ||    69
       Kick              |     9 |     7 |   132 |    97 ||   245
       Dagger            |       |    20 |   472 |     7 ||   499
       Scimitar          |       |       |       |   295 ||   295
       Punch             |       |       |       |     2 ||     2
 Fire: Hand crossbow     |    47 |    72 |   196 |   310 ||   625
Invok: Heroism           |       |       |       |     5 ||     5
       Finesse           |       |       |       |     3 ||     3
Evoke: Lamp of fire      |       |       |       |     1 ||     1
  Use: Scroll            |     3 |       |     3 |     4 ||    10
       Potion            |       |       |       |     5 ||     5
  Eat: Chunk             |     2 |     3 |    13 |    26 ||    44
       Fruit             |       |       |     2 |       ||     2
Armor: Leather armour    |    11 |       |       |       ||    11
       Ring mail         |    17 |    26 |   202 |       ||   245
       Chain mail        |       |       |    15 |   334 ||   349
Dodge: Dodged            |    30 |    25 |   256 |   102 ||   413
       Rpst.: Scimitar   |       |       |       |    24 ||    24
